 Dungeon Crawl Stone Soup version 0.30-a0-145-g03d90e2e6d (webtiles) character file.

Game seed: 2195685926076387378

109 qw the Chopper (level 4, -1/28 HPs)
             Began as a Gargoyle Fighter on Sept 26, 2022.
             Slain by a gnoll
             ... wielding a +0 whip
              (8 damage)
             ... on level 3 of the Dungeon.
             The game lasted 00:00:56 (2064 turns).

qw the Chopper (Gargoyle Fighter)                   Turns: 2064, Time: 00:00:57

Health: -1/28      AC: 11    Str: 22    XL:     4   Next: 89%
Magic:  4/4        EV:  9    Int:  8    God:
Gold:   49         SH:  4    Dex:  9    Spells: 3/3 levels left

rFire   . . .      SeeInvis .    Y - +0 war axe
rCold   . . .      Faith    .    c - +0 buckler
rNeg    + . .      Spirit   .    b - +0 scale mail
rPois   inf        Reflect  .    n - +0 helmet
rElec   +          Harm     .    (no cloak)
rCorr   .          Rampage  .    (no gloves)
Will    +....                    (no boots)
Stlth   ..........               (no amulet)
HPRegen 0.09/turn                l - ring of willpower
MPRegen 0.09/turn                (no ring)

@: no status effects
A: sickness immunity, AC +3, negative energy resistance 1, electricity
resistance, torment resistance 1, petrification resistance
a: no special abilities


You were on level 3 of the Dungeon.
You visited 1 branch of the dungeon, and saw 3 of its levels.

You collected 49 gold pieces.


Innate Abilities, Weirdness & Mutations

You are immune to sickness and miasma.
Your stone body is resilient. (AC +3)
You are immune to poison.
You resist negative energy. (rN+)
You are resistant to electric shocks. (rElec)
You are resistant to unholy torment.
You are immune to petrification.


   Skills:
 - Level 3.2 Fighting
 + Level 4.4 Axes
 - Level 3.2 Armour
 - Level 3.2 Shields


You had 3 spell levels left.
You didn't know any spells.
Your spell library was empty.

Inventory:

Hand Weapons
 a - a +0 flail
 Y - a +0 war axe (weapon)
Armour
 b - a +0 scale mail (worn)
 c - a +0 buckler (worn)
 e - a +0 chain mail
 n - a +0 helmet (worn)
Jewellery
 l - a ring of willpower (left hand)
Scrolls
 k - a scroll of identify
Potions
 d - a potion of might
 f - a potion of brilliance {unknown}
 g - a potion of attraction {unknown}
 h - a potion of mutation {unknown}
 i - a potion of curing {unknown}
 j - a potion of flight {unknown}
 m - a potion of magic {unknown}

Dungeon Overview and Level Annotations

Branches:
Dungeon (3/15)

Altars:


Message History

A gnoll comes into view. It is wielding a +0 flail.
The gnoll shouts!
You slash the gnoll!
The gnoll is severely wounded.
A gnoll comes into view. It is wielding a +0 halberd.
The gnoll hits you with a +0 flail.
2055 ||| Stepping ~*~*~tactically~*~*~ (stealth).
2056 ||| Stepping ~*~*~tactically~*~*~ (stealth).
The gnoll attacks as you move away! The gnoll hits you but does no damage.
You barely miss the gnoll.
The gnoll is severely wounded.
The gnoll shouts!
The gnoll completely misses you.
A gnoll comes into view. It is wielding a +0 whip.
You block the gnoll's attack.
You barely miss the gnoll.
The gnoll is severely wounded.
The gnoll shouts!
The gnoll hits you with a +0 flail.
You completely miss the gnoll.
The gnoll is severely wounded.
The gnoll hits you with a +0 flail!
You slash the gnoll!
You kill the gnoll!
The gnoll closely misses you. The gnoll barely misses you.
You see here a +0 flail.
You hit the gnoll.
The gnoll is moderately wounded.
The gnoll hits you with a +0 halberd.
You barely miss the gnoll.
The gnoll is moderately wounded.
You hit the gnoll but do no damage. The gnoll barely misses you.
The gnoll closely misses you.
You barely miss the gnoll.
The gnoll is moderately wounded.
You barely miss the gnoll.
The gnoll barely misses you. x2; The gnoll hits you but does no damage.
The gnoll hits you with a +0 whip!
You die...

#. #. #.#
#.######
#.....?# #
#......###.#
#..........##
##...g........
##....g@.####
#.<)....##
#............#
#.......####.#
##......#
##.#.#.#
#.#.#...
....#....
#.#######.


You could see 2 gnolls.

Vanquished Creatures
  2 adders (D:2)
  A gnoll (D:3)
  A worm (D:2)
  A dart slug (D:2)
  5 orcs
  2 ball pythons (D:1)
  6 endoplasms
  6 giant cockroaches
  6 goblins
  9 hobgoblins
  4 jackals (D:1)
  3 quokkas (D:2)
  5 bats
  2 frilled lizards (D:1)
  3 kobolds
  3 rats
59 creatures vanquished.

Vanquished Creatures (collateral kills)
  A hobgoblin (D:2)
1 creature vanquished.

Grand Total: 60 creatures vanquished

Notes
Turn   | Place    | Note
-------+----------+-------------------------------------------
     0 | D:1      | qw the Gargoyle Fighter began the quest for the Orb.
     0 | D:1      | Reached XP level 1. HP: 14/14 MP: 1/1
     0 | D:1      | 0 ||| qw: Version: 0.2-a-10-g399e6c4
     0 | D:1      | 0 ||| qw: Game counter: 495
     0 | D:1      | 0 ||| qw: Always use a shield: true
     0 | D:1      | 0 ||| qw: God list: Okawaru
     0 | D:1      | 0 ||| qw: Allow faded altars: false
     0 | D:1      | 0 ||| qw: Do Orc after D:15 true
     0 | D:1      | 0 ||| qw: Do second Lair branch before Depths: true
     0 | D:1      | 0 ||| qw: Lair rune preference: random
     0 | D:1      | 0 ||| qw: Plans: Normal, Zot:1-4, God:TSO, Crypt, Tomb,
                  | Pan, Slime:5, Hells, Abyss, Orb
     0 | D:1      | 0 ||| PLANNING D:1-11
   141 | D:1      | Reached skill level 2 in Axes
   194 | D:1      | Reached XP level 2. HP: 19/19 MP: 2/2
   448 | D:1      | 448 ||| Stepping ~*~*~tactically~*~*~ (stealth).
   494 | D:1      | Found a faded altar of an unknown god.
   801 | D:1      | Reached skill level 3 in Axes
   830 | D:1      | 830 ||| Stepping ~*~*~tactically~*~*~ (stealth).
   838 | D:1      | Reached XP level 3. HP: 23/23 MP: 3/3
  1088 | D:1      | 1088 ||| Stepping ~*~*~tactically~*~*~ (stealth).
  1121 | D:1      | 1121 ||| Stepping ~*~*~tactically~*~*~ (stealth).
  1123 | D:1      | 1123 ||| Stepping ~*~*~tactically~*~*~ (stealth).
  1253 | D:1      | 1253 ||| UPGRADING to ring of willpower.
  1254 | D:1      | 1254 ||| READING scroll labelled TULUUXISUN.
  1255 | D:1      | 1255 ||| READING scroll labelled DUECVUCSISM.
  1260 | D:1      | 1260 ||| READING 2 scrolls labelled BEILOY ZOWOL.
  1365 | D:2      | 1365 ||| DROPPING +0 club.
  1373 | D:2      | Reached XP level 4. HP: 28/28 MP: 4/4
  1373 | D:2      | 1373 ||| Stepping ~*~*~tactically~*~*~ (stealth).
  1377 | D:2      | 1377 ||| Stepping ~*~*~tactically~*~*~ (stealth).
  1400 | D:2      | 1400 ||| Stepping ~*~*~tactically~*~*~ (stealth).
  1419 | D:2      | 1419 ||| FLEEEEING.
  1457 | D:2      | Reached skill level 4 in Axes
  1540 | D:2      | 1540 ||| Stepping ~*~*~tactically~*~*~ (stealth).
  1803 | D:2      | 1803 ||| UPGRADING to +0 helmet.
  1808 | D:2      | 1808 ||| READING scroll labelled MUATURCH LAWUR.
  1809 | D:2      | 1809 ||| READING scroll labelled LECKAD RERIDU.
  1867 | D:3      | 1867 ||| STAIRDANCE
  1961 | D:2      | 1961 ||| DROPPING +0 mace.
  1965 | D:3      | 1965 ||| STAIRDANCE
  2017 | D:3      | 2017 ||| STAIRDANCE
  2055 | D:3      | 2055 ||| Stepping ~*~*~tactically~*~*~ (stealth).
  2056 | D:3      | 2056 ||| Stepping ~*~*~tactically~*~*~ (stealth).
  2062 | D:3      | HP: 7/28 [gnoll/+0 halberd (5)]
  2064 | D:3      | Slain by a gnoll

Levels and vault maps discovered:
D:1:      dpeg_arrival_solitude, layout_basic,
          hellmonk_ecumenical_altar_crossroads
D:2:      layout_rooms, hex_medium, grunt_ministairs_2
D:3:      layout_loops_ring, uniq_crazy_yiuf_cottage

Skill      XL: |  1  2  3  4 |
---------------+-------------+-----
Axes           | 2 3 4 |  4.4
Fighting       | |  3.2
Armour         | |  3.2
Shields        | |  3.2

Action                   |  1- 3 |  4- 6 || total
-------------------------+-------+-------++-------
Melee: War axe           |   107 |    73 ||   180
  Use: Scroll            |     3 |     2 ||     5
Armor: Scale mail        |    52 |    37 ||    89
Dodge: Dodged            |    48 |    27 ||    75
Block: Buckler           |    17 |    11 ||    28

Table legend:
 A = Non-vault XP
 B = Vault XP
 C = Vault XP percentage of total XP
 D = Non-vault monster count
 E = Vault monster count
 F = Vault count percentage of total count
                 A         B        C        D         E       F
            +---------+---------+-------+---------+---------+-------
      Total |     149 |       7 |   4.5 |      58 |       2 |   3.3
            +---------+---------+-------+---------+---------+-------
        D:1 |      54 |       0 |   0.0 |      31 |       0 |   0.0
        D:2 |      78 |       7 |   8.2 |      25 |       2 |   7.4
        D:3 |      17 |       0 |   0.0 |       2 |       0 |   0.0
            +---------+---------+-------+---------+---------+-------
